 Dungeon Crawl Stone Soup version 0.30-a0-1008-g30c9307041 (webtiles) character file.

Game seed: 4816531570630110642

140 qeuew the Ducker (level 5, -3/41 HPs)
             Began as a Merfolk Gladiator on Apr 5, 2023.
             Blown up by Ijyb (4 damage)
             ... with a mindburst bolt
             ... on level 3 of the Dungeon.
             The game lasted 00:03:23 (1613 turns).

qeuew the Ducker (Merfolk Gladiator)                Turns: 1613, Time: 00:03:25

Health: -3/41      AC:  4    Str: 17    XL:     5   Next: 23%
Magic:  5/5        EV: 13    Int:  7    God:
Gold:   162        SH:  0    Dex: 15    Spells: 4/4 levels left

rFire   . . .      SeeInvis +    a - +1 trident
rCold   + + .      Faith    .    (no shield)
rNeg    . . .      Spirit   .    b - +0 leather armour
rPois   .          Reflect  .    j - +1 hat {SInv}
rElec   .          Rampage  .    (no cloak)
rCorr   .          Rage     3%   (no gloves)
Will    .....                    (no boots)
Stlth   +                        (no amulet)
HPRegen 0.26/turn                (no ring)
MPRegen 0.09/turn                (no ring)

@: mighty, lethally poisoned (-3 -> -10), on berserk cooldown
A: (nimble swimmer 2), mertail, berserk 1, cold resistance 2
a: no special abilities


You were on level 3 of the Dungeon.
You visited 1 branch of the dungeon, and saw 3 of its levels.

You collected 162 gold pieces.

Inventory:

Hand Weapons
 a - a +1 trident (weapon)
Missiles
 d - 3 throwing nets (quivered)
 e - a javelin
Armour
 b - a +0 leather armour (worn)
 j - a +1 hat of see invisible (worn)
Potions
 c - a potion of heal wounds {unknown}
 f - a potion of mutation
 k - a potion of flight


   Skills:
 * Level 3.2 Fighting
 * Level 4.9 Polearms
 * Level 3.1 Throwing
 + Level 0.8 Armour
 * Level 5.0 Dodging


You had 4 spell levels left.
You didn't know any spells.
Your spell library contained the following spells:

 Spells                   Type           Power      Damage    Failure   Level
 Necrotise                Necr           0%         1d4       50%         1
 Vampiric Draining        Necr           0%         2d6       86%         3
 Agony                    Necr           0%         N/A       100%        5


Dungeon Overview and Level Annotations

Branches:
Dungeon (3/15)

Altars:
Sif Muna

Annotations:
D:3 Ijyb


Innate Abilities, Weirdness & Mutations

((You are very nimble when in or above water. (Stealth+, EV+, Speed+++)))
Your lower body shifts to a powerful aquatic tail in water.
You sometimes lose your temper in combat.
Your flesh is very cold resistant. (rC++)


Message History

* * * LOW HITPOINT WARNING * * *
The adder hisses angrily.
You are too injured to fight recklessly!
You are too injured to fight recklessly!
You are too injured to fight recklessly!
You are too injured to fight recklessly!
You are too injured to fight recklessly!
You are too injured to fight recklessly!
You are too injured to fight recklessly!
You are too injured to fight recklessly!
You are too injured to fight recklessly!
You are too injured to fight recklessly!
You are too injured to fight recklessly!
You are too injured to fight recklessly!
You are too injured to fight recklessly!
You are too injured to fight recklessly!
Unknown command.
You aren't carrying any scrolls.
Unknown command.
You feel better.
The goblin shoots a sling bullet.
The sling bullet barely misses you.
The goblin shoots a sling bullet.
The sling bullet misses you.
You feel very mighty all of a sudden.
You feel yourself speed up. Ijyb hits you but does no damage.
The goblin shoots a sling bullet.
The sling bullet hits you. Ijyb misses you.
You closely miss Ijyb. The adder barely misses you. The adder bites you.
* * * LOW HITPOINT WARNING * * *
Ijyb hits you with a +0 club.
* * * LOW HITPOINT WARNING * * *
You hit Ijyb but do no damage. The adder bites you but does no damage.
Ijyb hits you with a +0 club.
* * * LOW HITPOINT WARNING * * *
You hit Ijyb but do no damage. You punch Ijyb.
Ijyb is moderately wounded.
The adder bites you.
* * * LOW HITPOINT WARNING * * *
You are lethally poisoned!
The adder poisons you!
The goblin shoots a sling bullet.
The sling bullet closely misses you.
Ijyb zaps a wand.
Your mind is blasted!
You die...

................ ......
........##...#.# .......
....#..##...#.# .......
###.....##...#.##....g(.
..................>#..#.
........................
.............#.#...#..##
........................
###.##..##...#.#@S......
.............#.#.g.#####
....................~~
............).......###
....##..##.....!...#..
...†....##...#.#...#..#
###.##..##...#.#.... ...
#.#................... .
###.##...(.............#.#


You could see Ijyb, an adder and a goblin.

Vanquished Creatures
  8 gnolls (D:2)
  A worm (D:2)
  4 dart slugs
  3 ball pythons
  8 bats
  2 endoplasms (D:1)
  A giant cockroach (D:2)
  3 goblins
  5 hobgoblins
  2 jackals (D:2)
  4 quokkas
  5 frilled lizards
  7 kobolds
  5 rats
58 creatures vanquished.

Notes
Turn   | Place    | Note
-------+----------+-------------------------------------------
     0 | D:1      | qeuew the Merfolk Gladiator began the quest for the Orb.
     0 | D:1      | Reached XP level 1. HP: 16/16 MP: 1/1
    62 | D:1      | Reached XP level 2. HP: 23/23 MP: 2/2
   218 | D:1      | Reached XP level 3. HP: 28/28 MP: 3/3
   515 | D:1      | Identified a scroll of acquirement
   515 | D:1      | Acquired a +1 hat of see invisible
   531 | D:1      | Gained mutation: You sometimes lose your temper in combat.
                  | [potion of mutation]
   531 | D:1      | Gained mutation: Your flesh is cold resistant. (rC+)
                  | [potion of mutation]
   531 | D:1      | Gained mutation: Your flesh is very cold resistant. (rC++)
                  | [potion of mutation]
   581 | D:2      | Found a shimmering blue altar of Sif Muna.
   743 | D:2      | Reached XP level 4. HP: 30/34 MP: 4/4
  1099 | D:2      | Reached XP level 5. HP: 41/41 MP: 5/5
  1103 | D:2      | Reached skill level 5 in Dodging
  1606 | D:3      | Noticed Ijyb
  1613 | D:3      | HP: 1/41 [adder (3)]
  1613 | D:3      | Blown up by Ijyb

Illustrated notes

Levels and vault maps discovered:
D:1:      psy_arrival_radial01, layout_rooms, chequers_big_river
D:2:      layout_basic, basic_altar, serial_bayou_crossing
D:3:      layout_basic, nicolae_sif_muna_little_library,
          lemuel_coloured_pillars_altar, portal_sewer_entry_d, serial_shops,
          nicolae_shop_behind_doors, uniq_crazy_yiuf_cottage, uniq_ijyb

Skill      XL: |  1  2  3  4  5 |
---------------+----------------+-----
Fighting       | 3 |  3.2
Throwing       | 3 |  3.1
Dodging        | 5 |  5.0
Polearms       | |  4.9
Armour         | |  0.8

Action                     |  1- 3 |  4- 6 || total
---------------------------+-------+-------++-------
  Melee: Trident           |   104 |    77 ||   181
         Punch             |     2 |     1 ||     3
         Tailslap          |     2 |       ||     2
    Use: Scroll            |     4 |     6 ||    10
         Potion            |     3 |     4 ||     7
   Stab: Sleeping          |     1 |       ||     1
 Armour: Leather armour    |    15 |    16 ||    31
  Dodge: Dodged            |    41 |    45 ||    86

Table legend: (Time is in decaauts)
 A = Elapsed time spent in this place.
 B = Non-inter-level travel time spent in this place.
 C = Inter-level travel time spent in this place.
 D = Time resting spent in this place.
 E = Time spent auto-exploring this place.
 F = Levels seen in this place.
 G = Mean time per level.
                   A        B        C        D        E       F      G
               +--------+--------+--------+--------+--------+-----+--------+
         Total |   1621 |   1605 |     16 |      0 |   1192 |   3 |  540.3 |
       Dungeon |   1621 |   1605 |     16 |      0 |   1192 |   3 |  540.3 |
               +--------+--------+--------+--------+--------+-----+--------+

Top non-repeatable levels by time:
     D:2: 977 daAuts
     D:1: 537 daAuts
     D:3: 106 daAuts
